AoeStats
← Commander-Maximus

Arena

510317100Analyzed
2v2 RM · 3d ago on Sep 30, 2026· 84m 10s· 4 players
Game mode
Random Map
Map size
Medium (4 player)
Population
200
Speed
Normal
Resources
Standard
Victory
Conquest
Starting age
Dark Age
Ending age
Imperial Age
RankedLock teamsTeams togetherTeam positionsShared explorationLock speedFull tech treeHidden civsTurbo modeCheats
Victory
Defeat
🇫🇷 Britons · France
1176
+15
🇨🇦 Tatars · Canada
1135
+17
🇰🇬 Mongols · Kyrgyzstan
1184
-17
🇰🇬 Bohemians · Kyrgyzstan
1129
-15
Qenix312
9:55 Feudal Age
15:21 Castle Age
14:28 Double-Bit Axe
15:24 Horse Collar
17:40 Wheelbarrow
20:15 Bow Saw
20:43 Heavy Plow
22:46 Hand Cart
22:33 Town Watch
22:35 Loom
27:05 Town Patrol
30:22 Imperial Age
27:24 Pikeman
28:04 Squires
27:51 Arson
28:39 Forging
28:29 Scale Mail Armor
30:29 Iron Casting
30:26 Fletching
30:53 Chain Mail Armor
30:28 Halberdier
32:30 Chemistry
31:51 Ballistics
32:40 Two-Man Saw
32:55 Blast Furnace
31:51 Bodkin Arrow
32:09 Siege Engineers
33:08 Conscription
32:33 Houfnice
36:43 Bracer
37:13 Plate Mail Armor
47:31 Wagenburg Tactics
47:38 Elite Hussite Wagon
48:01 Elite Skirmisher
48:43 Padded Archer Armor
Bubble Kg !
8:52 Feudal Age
14:03 Castle Age
16:04 Fervor
16:45 Horse Collar
16:51 Double-Bit Axe
21:18 Stone Mining
23:13 Heavy Plow
25:50 Wheelbarrow
25:03 Loom
27:05 Fletching
28:21 Bodkin Arrow
28:08 Elite Skirmisher
29:19 Ballistics
29:34 Gold Mining
31:05 Gold Shaft Mining
31:39 Padded Archer Armor
34:21 Thumb Ring
40:54 Imperial Age
39:53 Leather Archer Armor
39:56 Hand Cart
40:04 Bow Saw
40:15 Husbandry
40:26 Bloodlines
40:55 Scale Barding Armor
41:01 Forging
40:40 Light Cavalry
41:53 Hussar
42:57 Chain Barding Armor
43:12 Iron Casting
42:29 Heavy Camel Rider
45:00 Conscription
54:02 Bracer
55:02 Blast Furnace
54:03 Scale Mail Armor
59:40 Man-at-Arms
60:22 Squires
60:07 Arson
62:27 Caravan
63:00 Coinage
62:47 Chain Mail Armor
65:09 Nomads
69:46 Drill
Commander-Maximus
11:06 Feudal Age
11:46 Double-Bit Axe
15:19 Castle Age
13:56 Loom
15:51 Horse Collar
16:41 Bow Saw
16:23 Gold Mining
19:07 Horse Collar
23:38 Heavy Plow
24:44 Wheelbarrow
26:39 Coinage
27:21 Town Watch
30:20 Imperial Age
28:09 Hand Cart
27:38 Elite Skirmisher
28:15 Stone Mining
29:54 Gold Shaft Mining
29:25 Fletching
29:59 Ballistics
31:07 Bodkin Arrow
31:46 Padded Archer Armor
32:50 Chemistry
32:54 Conscription
33:07 Bracer
33:23 Leather Archer Armor
36:18 Ring Archer Armor
36:21 Bloodlines
36:11 Husbandry
35:35 Elite Keshik
40:55 Scale Barding Armor
41:00 Forging
42:42 Chain Barding Armor
43:14 Timurid Siegecraft
43:05 Silk Armor
46:12 Iron Casting
46:12 Plate Barding Armor
48:36 Blast Furnace
49:39 Pikeman
50:20 Squires
50:33 Halberdier
51:22 Scale Mail Armor
52:15 Crop Rotation
52:07 Arson
55:16 Town Patrol
60:27 Capped Ram
63:55 Siege Ram
76:20 Light Cavalry
77:11 Hussar
Atès
9:24 Feudal Age
13:36 Castle Age
12:07 Double-Bit Axe
12:39 Horse Collar
20:30 Heavy Plow
20:45 Bow Saw
21:05 Gold Mining
21:11 Stone Mining
24:01 Wheelbarrow
23:14 Loom
24:05 Wheelbarrow
25:36 Fletching
25:47 Fletching
25:58 Padded Archer Armor
26:45 Hand Cart
29:07 Imperial Age
26:05 Crossbowman
27:24 Gold Shaft Mining
27:08 Bodkin Arrow
28:42 Leather Archer Armor
29:16 Yeomen
28:23 Pikeman
29:16 Forging
30:19 Ballistics
29:22 Arbalester
30:05 Bracer
31:25 Two-Man Saw
30:07 Halberdier
30:53 Light Cavalry
31:38 Husbandry
32:13 Conscription
32:36 Iron Casting
32:08 Scale Barding Armor
32:15 Scale Barding Armor
33:44 Ring Archer Armor
34:17 Blast Furnace
37:00 Chain Barding Armor
49:15 Squires
53:22 Scale Mail Armor
53:58 Plate Barding Armor
68:08 Caravan
Connection lost

Rejoining the realm…

Still unreachable

The connection could not be restored.

Session expired

The server has moved on; the page needs a fresh start.